 Dungeon Crawl Stone Soup version 0.19.5 (console) character file.

28618 Spyro the Basher (level 13, -15/98 HPs)
             Began as a Mummy Wanderer on May 7, 2017.
             Was a High Priest of Okawaru.
             Demolished by a centaur warrior
             ... wielding a +1 battleaxe of flaming
              (19 damage)
             ... in a volcano.
             The game lasted 00:44:56 (26822 turns).

Spyro the Basher (Mummy Wanderer)                  Turns: 26822, Time: 00:44:56

Health: -15/98     AC: 32    Str: 19    XL:     13   Next: 10%
Magic:  14/16      EV:  9    Int:  9    God:    Okawaru [*****.]
Gold:   1112       SH:  0    Dex: 15    Spells: 0 memorised, 12 levels left

rFire  . . .     SeeInvis .     n - +2 flail (protect)
rCold  + . .     Gourm    .     s - +0 plate armour
rNeg   + + +     Faith    .     (no shield)
rPois  ∞         Spirit   .     x - +0 helmet
rElec  .         Reflect  .     E - +0 cloak
rCorr  .         Harm     .     r - +1 pair of gloves
MR     +....                    K - +1 pair of boots
Stlth  ..........               (no amulet)
                                H - +2 ring of slaying
                                G - ring of protection from fire

@: heroism, protection aura
A: no food or potions, fire vulnerability, cold resistance 1, negative energy
resistance 3, torment resistance, unbreathing, in touch with death 1
a: Heroism, Finesse, Renounce Religion


You were in a volcano.
You worshipped Okawaru.
Okawaru was extremely pleased with you.
You were not hungry.

You visited 4 branches of the dungeon, and saw 17 of its levels.
You also visited: Volcano.

You collected 1140 gold pieces.
You spent 28 gold pieces at shops.

Inventory:

Hand Weapons
 n - a +2 flail of protection (weapon)
 o - a +0 dire flail
 y - a +0 great mace
Armour
 r - a +1 pair of gloves (worn)
 s - a +0 plate armour (worn)
 x - a +0 helmet (worn)
 E - a +0 cloak (worn)
 K - a +1 pair of boots (worn)
Jewellery
 t - an uncursed ring of ice
 G - a ring of protection from fire (left hand)
 H - a +2 ring of slaying (right hand)
Wands
 a - a wand of acid (3/15)
 c - a wand of random effects (0/48)
 f - a wand of polymorph (0/24)
 p - a wand of slowing (10/48)
 u - a wand of lightning (6/15)
 C - a wand of iceblast (8/15)
 I - a wand of disintegration (14/24)
Scrolls
 b - 8 scrolls of teleportation
 d - 4 scrolls of enchant armour
 i - a scroll of enchant weapon
 j - 4 scrolls of immolation
 l - 2 scrolls of fog
 m - a scroll of recharging
 q - 3 scrolls of remove curse
 v - 2 scrolls of summoning
 z - a scroll of torment
 A - a scroll of silence
 B - 2 scrolls of identify
 F - a scroll of magic mapping
 J - a scroll of amnesia
Books
 e - a book of Minor Magic

   Spells                             Type                      Level
   a - Magic Dart                     Conjuration                  1
   b - Blink                          Translocation                2
   c - Call Imp                       Summoning                    2
   d - Repel Missiles                 Charms/Air                   2
   e - Slow                           Hexes                        2
   f - Conjure Flame                  Conjuration/Fire             3
   g - Mephitic Cloud                 Conjuration/Poison/Air       3
 g - a book of Cantrips

   Spells                             Type                      Level
   a - Confusing Touch                Hexes                        1
   b - Animate Skeleton               Necromancy                   1
   c - Summon Small Mammal            Summoning                    1
   d - Apportation                    Translocation                1
 k - a book of Maledictions

   Spells                             Type                      Level
   a - Corona                         Hexes                        1
   b - Ensorcelled Hibernation        Hexes/Ice                    2
   c - Confuse                        Hexes                        3
   d - Tukima's Dance                 Hexes                        3
   e - Dazzling Spray                 Conjuration/Hexes            3
 D - a book of Misfortune

   Spells                             Type                      Level
   a - Confusing Touch                Hexes                        1
   b - Confuse                        Hexes                        3
   c - Gell's Gravitas                Hexes/Translocation          3
   d - Petrify                        Transmutation/Earth          4
   e - Metabolic Englaciation         Hexes/Ice                    5
   f - Yara's Violent Unravelling     Hexes/Transmutation          5


   Skills:
 - Level 8.0(13.0) Fighting
 + Level 13.7(18.7) Maces & Flails
   Level 1.0(6.0) Crossbows
 - Level 1.0(6.0) Throwing
 + Level 10.2(15.2) Armour
 - Level 1.0(6.0) Stealth
 - Level 5.0 Invocations


You had 12 spell levels left.
You didn't know any spells.

Dungeon Overview and Level Annotations

Branches:
Dungeon (10/15)            Temple (1/1) D:6            Lair (5/6) D:8
  Swamp (0/4) Lair:2       Spider (0/4) Lair:3        Slime (0/5) Lair:5
    Orc (1/2) D:9

Altars:
Ashenzari
Cheibriados
Dithmenos
Elyvilon
Fedhas
Gozag
Hepliaklqana
Kikubaaqudgha
Makhleb
Nemelex Xobeh
Okawaru
Qazlal
Ru
Sif Muna
Trog
Uskayaw
Vehumet
Xom
Yredelemnul
Zin
The Shining One

Shops:
D:4 ?

Annotations:
D:3 Croanthos's ghost, amateur MiBe
D:4 Sigmund; twnfb's ghost, amateur DsGl


Innate Abilities, Weirdness & Mutations

You do not eat or drink.
Your flesh is vulnerable to fire.
You are immune to poison.
Your flesh is cold resistant. (rC+)
You are immune to negative energy. (rN+++)
You are immune to unholy pain and torment.
You can survive without breathing.
You are in touch with the powers of death.


Message History

The centaur warrior burns you.
* * * LOW HITPOINT WARNING * * *
The centaur unwields an uncursed shortbow of flaming.
It stops flaming.
The centaur wields a battleaxe of flaming.
It bursts into flame!
The centaur hits you but does no damage.
You gain the combat prowess of a mighty hero.
The centaur warrior hits you with a battleaxe of flaming!
* * * LOW HITPOINT WARNING * * *
The centaur warrior burns you.
* * * LOW HITPOINT WARNING * * *
The centaur closely misses you.
Unknown command.
You can't drink.
Unknown command.
You thump the centaur warrior!
The centaur warrior is heavily wounded.
The centaur warrior hits you with a battleaxe of flaming!!
You die...

#.....#
#.....#
#8...8#
#.....#
#.....#
#8...8#
#.....#
#cc...#
#8@∩)8#
##...##
##∩##
###


You could see a centaur warrior and a centaur.

Vanquished Creatures
  4 hydras
  The ghost of twnfb the Spear-Bearer, a journeyman DsGl of Kikubaaqudgha (Lair:1)
  3 death yaks (Lair:4)
  2 hill giants
  An orb spider (Lair:3)
  2 black mambas
  A torpor snail (Lair:2)
  3 spiny frogs
  3 komodo dragons
  2 rime drakes
  A two-headed ogre (D:8)
  2 queen bees
  3 meliai
  Prince Ribbit (Lair:3)
  A polar bear (Lair:3)
  10 blink frogs
  8 hippogriffs
  2 wyverns
  22 yaks
  Eustachio (D:6)
  4 basilisks
  Edmund (D:5)
  9 porcupines
  7 water moccasins
  3 sky beasts
  5 orc warriors
  2 ice beasts
  3 black bears
  A necrophage (D:9)
  6 ogres
  A phantom (D:9)
  4 centaurs
  10 crocodiles
  9 bullfrogs
  2 big kobolds
  43 killer bees
  3 scorpions
  6 howler monkeys
  4 wights (D:6)
  7 crimson imps
  A centaur zombie (D:6)
  A quasit (D:8)
  4 hounds
  2 jellies
  2 bullfrog zombies
  8 orc wizards
  7 orc priests
  3 bullfrog skeletons
  3 centaur skeletons
  4 gnoll shamans
  An iguana (D:9)
  8 worker ants
  2 killer bee zombies
  2 hound zombies
  A worker ant zombie (D:7)
  46 gnolls
  13 adders
  A river rat (D:3)
  A shadow imp (D:7)
  An ooze (D:3)
  An adder zombie (D:9)
  2 worms
  3 leopard geckos
  38 orcs
  12 giant cockroaches
  16 goblins
  11 hobgoblins
  28 jackals
  22 kobolds
  6 quokkas
  3 ball pythons (D:2)
  6 bats
  3 frilled lizards
  A quokka skeleton (D:4)
  2 quokka zombies
  9 rats
477 creatures vanquished.

Vanquished Creatures (others)
  A bush (Lair:3)
  13 fungi
  8 plants
22 creatures vanquished.

Grand Total: 499 creatures vanquished

Notes
Turn   | Place    | Note
-------+----------+-------------------------------------------
     0 | D:1      | Spyro the Mummy Wanderer began the quest for the Orb.
     0 | D:1      | Spyro set off with: a +2 scale mail, a scroll of teleportation, a +0 mace
     0 | D:1      | Reached XP level 1. HP: 18/18 MP: 1/1
   206 | D:1      | Reached skill level 2 in Maces & Flails
   284 | D:1      | Reached XP level 2. HP: 24/24 MP: 2/2
   798 | D:1      | Reached XP level 3. HP: 29/29 MP: 3/3
  1044 | D:2      | Reached skill level 3 in Maces & Flails
  1566 | D:2      | Reached XP level 4. HP: 31/35 MP: 4/4
  2293 | D:2      | Reached skill level 4 in Maces & Flails
  2747 | D:3      | You fall through a shaft for 2 floors!
  2747 | D:5      | Entered Level 5 of the Dungeon
  2790 | D:5      | Reached XP level 5. HP: 38/41 MP: 5/5
  2920 | D:5      | Noticed an ogre
  2967 | D:5      | Reached skill level 5 in Maces & Flails
  2967 | D:5      | Reached XP level 6. HP: 28/47 MP: 6/6
  3036 | D:4      | Noticed Sigmund
  3369 | D:3      | Noticed Croanthos's ghost (amateur MiBe)
  3738 | D:3      | Found a sacrificial altar of Ru.
  3793 | D:3      | Found a sparkling altar of Nemelex Xobeh.
  4709 | D:4      | Found a burning altar of Makhleb.
  4721 | D:4      | Reached skill level 6 in Maces & Flails
  5599 | D:4      | Noticed twnfb's ghost (amateur DsGl)
  5788 | D:5      | Reached XP level 7. HP: 52/52 MP: 7/7
  5860 | D:5      | Noticed Edmund
  5980 | D:4      | Reached skill level 7 in Maces & Flails
  6820 | D:4      | Found Umarayl's Magic Scroll Emporium.
  6828 | D:4      | Bought a scroll of identify for 28 gold pieces
  6919 | D:4      | Found a glowing silver altar of Zin.
  6923 | D:4      | Found a burning altar of Makhleb.
  6926 | D:4      | Found a shattered altar of Ashenzari.
  6928 | D:4      | Found an iron altar of Okawaru.
  6928 | D:4      | Found a glowing golden altar of the Shining One.
  6928 | D:4      | Found a deep blue altar of Sif Muna.
  6929 | D:4      | Found a hide-covered altar of Uskayaw.
  6930 | D:4      | Found a hazy altar of Hepliaklqana.
  6932 | D:4      | Found a bloodstained altar of Trog.
  7053 | D:6      | Reached skill level 8 in Maces & Flails
  7053 | D:6      | Reached XP level 8. HP: 21/58 MP: 8/8
  7775 | D:6      | Noticed Eustachio
  7817 | D:5      | Killed Edmund
  8067 | D:5      | Reached skill level 9 in Maces & Flails
  9458 | D:6      | Killed Eustachio
  9643 | D:6      | Reached XP level 9. HP: 67/67 MP: 9/9
  9681 | D:6      | Found a staircase to the Ecumenical Temple.
  9727 | Temple   | Entered the Ecumenical Temple
 10074 | D:5      | Reached skill level 5 in Fighting
 10127 | D:4      | Became a worshipper of Warmaster Okawaru
 10433 | D:6      | Found an ancient bone altar of Kikubaaqudgha.
 10442 | D:6      | Found a blossoming altar of Fedhas.
 10799 | D:7      | Reached skill level 10 in Maces & Flails
 11429 | D:8      | Reached * piety under Okawaru
 11873 | D:8      | Reached skill level 1 in Invocations
 11935 | D:8      | Found a staircase to the Lair.
 12032 | D:8      | Noticed a queen bee
 12081 | D:8      | Killed a queen bee
 12529 | D:8      | Reached XP level 10. HP: 57/79 MP: 8/10
 12533 | D:8      | Reached ** piety under Okawaru
 13449 | D:9      | Noticed a hill giant
 13464 | D:9      | Killed a hill giant
 13780 | D:9      | Reached skill level 11 in Maces & Flails
 13856 | D:9      | Found a staircase to the Orcish Mines.
 13921 | D:9      | Reached *** piety under Okawaru
 14286 | D:9      | Reached skill level 5 in Armour
 14579 | D:10     | Entered Level 10 of the Dungeon
 14766 | D:10     | Noticed a hill giant
 14790 | D:10     | Killed a hill giant
 14963 | D:10     | Found a burning altar of Makhleb.
 15344 | D:10     | Reached XP level 11. HP: 76/86 MP: 11/11
 15560 | Lair:1   | Entered Level 1 of the Lair of Beasts
 15694 | Lair:1   | Reached **** piety under Okawaru
 15695 | Lair:1   | Noticed a five-headed hydra
 15713 | Lair:1   | Killed a five-headed hydra
 15916 | Lair:1   | Noticed twnfb's ghost (journeyman DsGl)
 16532 | D:10     | Noticed a centaur warrior
 16629 | D:9      | Identified a scroll of acquirement
 16643 | Orc:1    | Entered Level 1 of the Orcish Mines
 16897 | Orc:1    | Found a bloodstained altar of Trog.
 17775 | D:8      | Reached skill level 12 in Maces & Flails
 17959 | Lair:2   | Found a staircase to the Swamp.
 18057 | Lair:2   | Reached ***** piety under Okawaru
 18127 | Lair:2   | Noticed a death yak
 18388 | D:8      | HP: 2/86 [porcupine (10)]
 19294 | Lair:1   | Killed twnfb's ghost
 19294 | Lair:1   | Received a gift from Okawaru
 19295 | Lair:1   | Got a pair of crude gloves {god gift}
 19306 | Lair:1   | Identified the +0 pair of gloves of Wucwaine {Str+3} (Okawaru gifted it to you on level 1 of the Lair of Beasts)
 21190 | Lair:3   | Noticed a five-headed hydra
 21489 | Lair:2   | Reached XP level 12. HP: 35/92 MP: 14/14
 22496 | Lair:3   | Noticed a seven-headed hydra
 22512 | Lair:3   | Killed a seven-headed hydra
 22704 | Lair:3   | Found a hole to the Spider Nest.
 22934 | Lair:3   | Killed a five-headed hydra
 23001 | Lair:3   | Noticed Prince Ribbit
 23392 | Lair:3   | Reached skill level 5 in Invocations
 23628 | Lair:3   | Received a gift from Okawaru
 23757 | Lair:3   | Reached skill level 13 in Maces & Flails
 23768 | Lair:3   | Killed Prince Ribbit
 23876 | Lair:4   | Noticed a death yak
 23876 | Lair:4   | Noticed a death yak
 23884 | Lair:4   | Noticed a death yak
 23889 | Lair:4   | Noticed a death yak
 23893 | Lair:4   | Killed a death yak
 24344 | Lair:4   | Killed a death yak
 24875 | Lair:4   | Killed a death yak
 25553 | Lair:4   | Received a gift from Okawaru
 25791 | Lair:4   | Reached skill level 10 in Armour
 26148 | Lair:4   | Noticed a four-headed hydra
 26161 | Lair:4   | Killed a four-headed hydra
 26161 | Lair:4   | Gained mutation: You are in touch with the powers of death. [Mummy growth]
 26161 | Lair:4   | Reached XP level 13. HP: 90/98 MP: 16/16
 26484 | Lair:5   | Found a dark tunnel.
 26647 | Volcano  | Entered a volcano
 26821 | Volcano  | HP: 4/98 [centaur warrior/battleaxe of flaming (5)]
 26822 | Volcano  | Demolished by a centaur warrior

Skill      XL: |  1  2  3  4  5  6  7  8  9 10 11 12 |
---------------+-------------------------------------+-----
Maces & Flails | 2 3 4 5 6 8 9 10 11 12 13 | 13.7
Fighting       | 4 7 8 |  8.0
Armour         | 3 5 8 10 | 10.2
Invocations    | 1 3 5 |  5.0
Crossbows      | |  1.0
Throwing       | |  1.0
Stealth        | |  1.0

Action                   |  1- 3 |  4- 6 |  7- 9 | 10-12 | 13-15 || total
-------------------------+-------+-------+-------+-------+-------++-------
Melee: Mace              |   142 |     6 |       |       |       ||   148
       Flail             |       |   246 |   721 |  1302 |    86 ||  2355
       Great mace        |       |       |       |    59 |       ||    59
       Punch             |       |       |       |     1 |       ||     1
Invok: Heroism           |       |       |     3 |    18 |     1 ||    22
       Finesse           |       |       |       |     1 |       ||     1
Evoke: Wand              |       |       |       |    12 |     4 ||    16
  Use: Scroll            |       |     4 |     7 |     8 |     4 ||    23
 Stab: Held in net/web   |       |       |       |     1 |       ||     1
Armor: Scale mail        |    68 |   181 |   283 |       |       ||   532
       Plate armour      |       |       |   131 |   999 |    86 ||  1216
Dodge: Dodged            |    67 |   128 |   318 |   368 |    25 ||   906
